 Dungeon Crawl Stone Soup version 0.28-a0-819-g6ef7baa362 (webtiles) character file.

Game seed: 15579583782354465856

34 lawman0 the Magician (level 3, 0/21 HPs)
             Began as an Octopode Hedge Wizard on Nov 8, 2021.
             Slain by an adder (5 damage)
             ... on level 2 of the Dungeon.
             The game lasted 00:01:37 (1526 turns).

lawman0 the Magician (Octopode Hedge Wizard)        Turns: 1526, Time: 00:01:37

Health: 0/21       AC:  1    Str:  9    XL:     3   Next: 31%
Magic:  7/8        EV: 13    Int: 17    God:
Gold:   67         SH:  0    Dex: 11    Spells: 3/9 levels left

rFire   . . .      SeeInvis .   a - +0 dagger
rCold   . . .      Faith    .   (no shield)
rNeg    . . .      Spirit   .   b - +0 hat
rPois   .          Reflect  .   (no amulet)
rElec   .          Harm     .   (no ring)
rCorr   .          Rampage  .   (no ring)
Will    .....                   (no ring)
Stlth   +++.......              (no ring)
HPRegen 0.07/turn               (no ring)
MPRegen 0.11/turn               (no ring)
                                (no ring)
                                (no ring)

@: lethally poisoned (0 -> -2)
A: almost no armour, amphibious, 8 rings, camouflage 1, gelatinous body 1,
(nimble swimmer 1), tentacles
a: no special abilities


You were on level 2 of the Dungeon.
You visited 1 branch of the dungeon, and saw 2 of its levels.

You collected 67 gold pieces.

Inventory:

Hand Weapons
 a - a +0 dagger (weapon)
Armour
 b - a +0 hat (worn)
Jewellery
 f - an amulet of magic regeneration
 g - a +6 ring of dexterity
Scrolls
 e - a scroll of amnesia {unknown}
 i - a scroll of fear {unknown}
 j - a scroll of acquirement {unknown}
 k - a scroll of immolation {unknown}
Potions
 c - a potion of cancellation {unknown}
 d - a potion of berserk rage {unknown}
 h - 2 potions of curing {unknown}
 l - a potion of flight {unknown}


   Skills:
 + Level 2.2 Dodging
 + Level 2.8 Stealth
 + Level 3.7 Spellcasting
 * Level 1.6 Conjurations
 + Level 1.0 Summonings
 + Level 1.0 Translocations


You had 3 spell levels left.
You knew the following spells:

 Your Spells              Type           Power      Damage    Failure   Level
a - Magic Dart            Conj           32%        1d4       9%          1
b - Slow                  Hex            12%        N/A       16%         1
c - Blink                 Tloc           12%        N/A       16%         2
d - Call Imp              Summ           6%         N/A       16%         2

Your spell library contained the following spells:

 Spells                   Type           Power      Damage    Failure   Level
 Conjure Flame            Conj/Fire      5%         6-21      34%         3
 Mephitic Cloud           Conj/Pois/Air  4%         N/A       36%         3


Dungeon Overview and Level Annotations

Branches:
Dungeon (2/15)

Altars:


Innate Abilities, Weirdness & Mutations

You cannot wear most types of armour.
You are amphibious.
You can wear up to eight rings at the same time.
Your skin changes colour to match your surroundings (Stealth+).
Your rubbery body absorbs attacks. (AC +1, EV +1)
((You are camouflaged near water. (Stealth+)))
You have tentacles for arms and can constrict up to eight enemies at once.


Message History

Okay, then.
k - a scroll labelled IXUCUPTATA
l - a bubbling orange potion
Found a stone staircase leading down.
A bat and a hobgoblin come into view.
There are monsters nearby!
There are monsters nearby!
There are monsters nearby!
Aiming: Magic Dart (safe; 9% risk of failure)
Press: ? - help, Q - select action, (/) - cycle Shift-Dir - straight line, f - hobgoblin
Aim: a hobgoblin (asleep, 100% to hit)
The magic dart hits the hobgoblin.
The hobgoblin is heavily wounded.
The hobgoblin shouts!
An adder comes into view.
A frilled lizard comes into view.
Found a stone staircase leading up.
The adder hisses angrily.
The frilled lizard hisses angrily.
The adder misses you. The adder barely misses you.
Unknown command.
You hit the adder. Your grab misses the adder.
The adder is moderately wounded.
The adder bites you.
Unknown command.
You barely miss the hobgoblin. You grab the hobgoblin.
The hobgoblin is heavily wounded.
You constrict the hobgoblin, but do no damage.
The adder bites you.
You are poisoned.
The adder poisons you! The hobgoblin hits you.
You are too injured to fight recklessly!
You are too injured to fight recklessly!
You release your grip on the hobgoblin.
You feel sick. The hobgoblin hits you.
* * * LOW HITPOINT WARNING * * *
Unknown command.
You hit the plant.
The plant begins to die.
You grab the plant.
The plant is lightly damaged.
You constrict the plant.
You feel sick. The adder closely misses you. The adder bites you.
You die...

#.##.......##.#
#.##.### #.. #
#.......##.# #.##.#
#.##.......##.#
#.##.. #.P........#
.# #.#####
#..........# .# ..
#PP.P......# .###.##
#...♣♣.P..P.##.......
...P ♣..PP.P.#.....#
.....P.P.♣.♣@#....<#
...P..♣♣♣♣gS...#
###... ♣......#
##...P..##...#
####.P# ##... ###
...# ?>.. .b. ###


You could see an adder, a hobgoblin and a bat (asleep).

Vanquished Creatures
  An adder (D:2)
  A dart slug (D:1)
  2 giant cockroaches (D:1)
  5 goblins
  3 hobgoblins
  3 jackals (D:1)
  A kobold (D:2)
  A bat (D:2)
  2 rats (D:2)
19 creatures vanquished.

Vanquished Creatures (others)
  10 plants (D:2)
10 creatures vanquished.

Grand Total: 29 creatures vanquished

Notes
Turn   | Place    | Note
-------+----------+-------------------------------------------
     0 | D:1      | lawman0 the Octopode Hedge Wizard began the quest for the
                  | Orb.
     0 | D:1      | Reached XP level 1. HP: 11/11 MP: 4/4
   220 | D:1      | Reached XP level 2. HP: 11/17 MP: 1/6
   241 | D:1      | Learned a level 1 spell: Slow
   254 | D:1      | Learned a level 2 spell: Blink
   257 | D:1      | Learned a level 2 spell: Call Imp
  1156 | D:2      | Reached XP level 3. HP: 15/21 MP: 4/8
  1526 | D:2      | Slain by an adder

Illustrated notes

Levels and vault maps discovered:
D:1:      lightli_arrival_windingriver, layout_rooms, hangedman_decor_growths,
          hangedman_abyss_or_decor_stabs
D:2:      layout_basic, serial_forest, infiniplex_forest_3_way,
          infiniplex_forest_clump_diagonal, infiniplex_forest_straight_3,
          infiniplex_forest_end_3, infiniplex_forest_end_1,
          infiniplex_forest_clump_long, infiniplex_forest_clump_double

Action                   || total
-------------------------++-------
Melee: Dagger            ||    37
       Constrict         ||    10
       Tentacles         ||     6
 Cast: Magic Dart        ||    35
Armor: Skin              ||     2
Dodge: Dodged            ||    24

Table legend: (Time is in decaauts)
 A = Elapsed time spent in this place.
 B = Non-inter-level travel time spent in this place.
 C = Inter-level travel time spent in this place.
 D = Time resting spent in this place.
 E = Time spent auto-exploring this place.
 F = Levels seen in this place.
 G = Mean time per level.
                   A        B        C        D        E       F      G
               +--------+--------+--------+--------+--------+-----+--------+
         Total |   1525 |   1491 |     34 |    425 |    926 |   2 |  762.5 |
       Dungeon |   1525 |   1491 |     34 |    425 |    926 |   2 |  762.5 |
               +--------+--------+--------+--------+--------+-----+--------+

Top non-repeatable levels by time:
     D:1: 1071 daAuts
     D:2: 454 daAuts
